Map: Jagannatha LE

Players

MaxPax

  • Race: Protoss Protoss
  • League: Grandmaster
  • Spawn Location: 7:00

Vanya - Winner!

  • Race: Zerg Zerg
  • League: Master
  • Spawn Location: 1:00

Event: DreamHack SC2 Masters 2020 Winter

VOD

Have the link to the VOD?

Description

Time

  • Played on: Oct. 21, 2020, 1:59 p.m.
  • Length: 10:39

All games in this series

Show
View Real Time Build Order
Export as new Build Order

MaxPax Protoss 

Build Orders:  

Get SALT Encoding   

  12  0:00  Probe  
  13  0:12  Probe  
  14  0:20  Pylon  
  14  0:24  Probe  
  15  0:38  Probe (Chrono Boost)  
  15  0:40  Gateway  
  16  0:47  Probe (Chrono Boost)  
  17  0:52  Probe (Chrono Boost)  
  17  0:56  Assimilator  
  18  1:03  Forge  
  18  1:10  Probe  
  20  1:27  Pylon  
  20  1:29  Cybernetics Core  
  19  1:37  Pylon  
  19  1:40  Pylon  
  19  1:45  Photon Cannon  
  19  1:48  Probe  
  20  1:59  Photon Cannon  
  20  2:03  Adept (Chrono Boost), Probe  
  23  2:20  Nexus  
  23  2:23  Adept (Chrono Boost)  
  23  2:29  Probe  
  26  2:33  Assimilator  
  26  2:41  Probe  
  27  2:52  Stargate  
  27  2:54  Shield Battery  
  27  2:56  Probe  
  28  3:01  Adept  
  30  3:08  Probe  
  31  3:17  Warp Gate  
  31  3:31  Void Ray (Chrono Boost)  
  31  3:32  Probe x2  
  37  3:44  Probe  
  37  3:45  Probe  
  37  3:56  Probe  
  37  4:00  Pylon x2  
  38  4:09  Void Ray (Chrono Boost)  
  38  4:14  Probe  
  38  4:18  Probe  
  38  4:20  Adept  
  38  4:22  Probe  
  46  4:27  Assimilator  
  46  4:29  Assimilator  
  46  4:30  Pylon, Probe  
  48  4:32  Probe  
  49  4:39  Pylon  
  49  4:42  Probe, Void Ray (Chrono Boost)  
  49  4:44  Probe  
  55  4:54  Probe  
  55  4:58  Probe  
  57  5:06  Probe  
  58  5:08  Stargate  
  58  5:10  Probe  
  58  5:13  Pylon  
  59  5:18  Probe  
  59  5:21  Void Ray (Chrono Boost)  
  60  5:22  Probe  
  60  5:26  Pylon  
  65  5:30  Probe  
  65  5:34  Probe  
  67  5:42  Nexus  
  65  5:43  Probe  
  65  5:46  Probe  
  65  5:54  Void Ray (Chrono Boost)  
  65  5:55  Probe  
  65  5:56  Void Ray (Chrono Boost)  
  70  5:58  Probe  
  70  6:00  Protoss Air Weapons Level 1  
  75  6:07  Pylon  
  75  6:09  Probe  
  76  6:13  Robotics Facility, Probe  
  77  6:21  Probe  
  77  6:25  Probe  
  79  6:29  Void Ray (Chrono Boost)  
  79  6:30  Shield Battery  
  79  6:32  Pylon  
  79  6:34  Probe  
  79  6:39  Void Ray (Chrono Boost)  
  89  6:49  Zealot  
  89  6:52  Gateway, Pylon  
  89  6:53  Probe  
  91  6:54  Probe  
  91  6:55  Gateway  
  91  6:57  Probe  
  91  7:00  Void Ray (Chrono Boost)  
  94  7:01  Observer  
  94  7:05  Photon Cannon, Probe  
  95  7:13  Probe  
  101  7:18  Assimilator  
  101  7:20  Probe  
  101  7:22  Robotics Bay  
  101  7:24  Probe  
  101  7:27  Assimilator  
  102  7:31  Photon Cannon, Shield Battery  
  102  7:33  Void Ray (Chrono Boost)  
  102  7:34  Probe  
  102  7:35  Probe  
  108  7:42  Robotics Facility  
  108  7:43  Void Ray (Chrono Boost)  
  108  7:49  Photon Cannon  
  108  7:50  Shield Battery  
  108  7:51  Pylon  
  108  7:54  Probe  
  113  8:04  Photon Cannon, Zealot, Sentry  
  117  8:06  Pylon  
  117  8:10  Pylon, Void Ray  
  117  8:16  Void Ray  
  125  8:21  Shield Battery  
  125  8:25  Disruptor (Chrono Boost)  
  126  8:29  Shield Battery  
  126  8:31  Pylon  
  124  8:36  Disruptor (Chrono Boost)  
  121  8:42  Zealot  
  121  8:43  Zealot x2  
  121  8:47  Void Ray (Chrono Boost)  
  127  8:48  Pylon  
  124  8:59  Probe  
  119  9:04  Disruptor (Chrono Boost), Probe  
  119  9:09  Probe  
  116  9:11  Probe  
  116  9:16  Probe  
  100  9:21  Probe, Void Ray (Chrono Boost)  
  100  9:23  Probe  
  98  9:26  Zealot  
  98  9:27  Zealot  
  98  9:28  Probe  
  98  9:29  Gateway  
  103  9:33  Probe  
  99  9:39  Disruptor  
  94  9:50  Zealot x2  
  87  9:55  Probe  
  75  10:12  Probe x2  
Show
View Real Time Build Order
Export as new Build Order

Vanya Zerg - Winner!

Build Orders: Hatch First 

Get SALT Encoding   

  12  0:00  Drone  
  13  0:12  Overlord  
  13  0:17  Drone  
  14  0:30  Drone x2  
  16  0:48  Hatchery  
  15  0:52  Drone  
  15  0:55  Drone  
  17  0:59  Drone  
  18  1:09  Extractor  
  17  1:15  Spawning Pool  
  17  1:18  Drone  
  17  1:21  Drone  
  18  1:28  Drone  
  19  1:46  Hatchery  
  18  1:52  Drone  
  20  2:01  Drone  
  20  2:02  Roach Warren  
  20  2:03  Overlord  
  20  2:05  Queen  
  22  2:34  Drone  
  23  2:41  Roach x2  
  23  2:42  Queen  
  29  2:45  Overlord  
  29  2:58  Drone  
  30  2:59  Queen  
  30  3:00  Drone  
  33  3:08  Ravager x2  
  33  3:09  Drone  
  33  3:12  Drone  
  37  3:15  Drone, Overlord  
  37  3:16  Drone  
  39  3:26  Overlord  
  39  3:30  Drone  
  40  3:35  Drone x2  
  42  3:48  Spore Crawler  
  42  3:49  Spore Crawler  
  42  3:52  Drone, Extractor  
  42  3:54  Spore Crawler  
  43  3:58  Drone, Hatchery  
  43  3:59  Drone  
  43  4:01  Spore Crawler  
  43  4:05  Drone x3  
  46  4:19  Drone x3  
  49  4:26  Lair  
  49  4:28  Extractor  
  49  4:30  Metabolic Boost  
  48  4:32  Overlord  
  48  4:33  Drone x2  
  50  4:39  Overlord  
  50  4:44  Drone x2  
  52  4:49  Spore Crawler  
  52  4:52  Overlord  
  51  4:53  Drone x2  
  51  4:58  Drone x2  
  56  5:01  Extractor  
  56  5:02  Drone, Extractor  
  56  5:03  Drone  
  56  5:07  Drone x2  
  58  5:14  Drone x3  
  61  5:16  Drone  
  61  5:17  Drone x3  
  65  5:24  Drone x2  
  67  5:29  Hydralisk Den  
  67  5:30  Overlord  
  63  5:36  Zergling x6  
  66  5:43  Drone x2  
  66  5:48  Drone  
  66  5:49  Drone  
  70  5:55  Overlord  
  70  5:56  Drone x3  
  70  6:00  Overlord  
  70  6:02  Grooved Spines  
  68  6:05  Drone  
  68  6:07  Extractor, Hydralisk x4  
  76  6:12  Queen  
  78  6:18  Hydralisk x3  
  78  6:23  Overlord  
  84  6:27  Hydralisk  
  84  6:30  Drone x2  
  88  6:33  Hydralisk x2  
  92  6:40  Hydralisk  
  92  6:41  Zergling x6  
  97  6:48  Hydralisk  
  97  6:49  Hydralisk  
  97  6:50  Overlord  
  97  6:51  Overlord  
  97  6:52  Hydralisk  
  103  7:00  Overlord  
  103  7:02  Zergling x2, Hydralisk  
  105  7:10  Hydralisk x3  
  105  7:14  Muscular Augments  
  111  7:17  Hydralisk x3  
  111  7:21  Zergling x6, Hydralisk  
  111  7:22  Zergling x4  
  124  7:26  Overlord  
  123  7:30  Hydralisk x2  
  123  7:35  Overlord  
  127  7:37  Overlord  
  127  7:39  Hydralisk  
  127  7:43  Overlord  
  129  7:49  Hydralisk x4  
  137  7:54  Overlord  
  137  7:57  Hydralisk  
  137  7:58  Roach, Hydralisk  
  139  8:01  Zergling x4  
  143  8:06  Hydralisk x2  
  147  8:13  Hydralisk x3  
  147  8:17  Zergling x6  
  156  8:25  Hydralisk x3  
  160  8:32  Hydralisk x2  
  160  8:33  Zergling x4  
  163  8:38  Hydralisk x2  
  163  8:39  Zergling x2  
  156  8:46  Hydralisk  
  156  8:47  Hydralisk  
  154  8:49  Zergling x8  
  144  9:08  Hydralisk x6  
  144  9:09  Zergling x6  
  151  9:18  Hydralisk  
  141  9:25  Hydralisk x3  
  147  9:31  Zergling x8  
  147  9:38  Hydralisk x2  
  149  9:43  Zergling x2  
  149  9:44  Zergling x8  
  150  9:50  Hydralisk  
  147  9:53  Hydralisk  
  147  9:55  Hatchery  
  144  10:03  Hydralisk x5  
  149  10:09  Hydralisk  
  149  10:10  Hydralisk  
  118  10:32  Evolution Chamber  
Tags
 
Add a new tag
Caveats
  • Supply blocks, unpowered buildings, or Contaminate may cause inaccurate times.
  • Supply counts are checked every 10 seconds.